 Dungeon Crawl Stone Soup version 0.30.1-6-gbe392663c4 (webtiles) character file.

Game seed: 17641015828819654666

39 ChiefBigBeans the Sneak (level 3, 0/16 HPs)
             Began as a Spriggan Enchanter on Sept 22, 2023.
             Succumbed to an adder's poison
             ... on level 1 of the Dungeon.
             The game lasted 00:04:00 (1243 turns).

ChiefBigBeans the Sneak (Spriggan Enchanter)        Turns: 1243, Time: 00:04:01

Health: 0/16       AC:  2    Str:  4    XL:     3   Next: 26%
Magic:  1/8        EV: 18    Int: 16    God:
Gold:   107        SH:  0    Dex: 17    Spells: 2/8 levels left

rFire   . . .        a - +1 dagger
rCold   . . .        (no shield)
rNeg    . . .        b - +0 robe
rPois   .            (helmet restricted)
rElec   .            (no cloak)
rCorr   .            (gloves unavailable)
SInv    +            (boots unavailable)
Will    .....        (no amulet)
Stlth   +++          (no ring)
HPRegen 0.22/turn    (no ring)
MPRegen 0.11/turn

%: no passive effects
@: lethally poisoned (0 -> -2), very slightly contaminated, hasted, very quick
A: very small, no large weapons, unfitting armour, see invisible, speed 3
a: no special abilities


You were on level 1 of the Dungeon.
You visited 1 branch of the dungeon, and saw 2 of its levels.

You collected 107 gold pieces.

Inventory:

Hand Weapons
 a - a +1 dagger (weapon)
Armour
 b - a +0 robe (worn)
Scrolls
 e - 2 scrolls of blinking {unknown}
 f - a scroll of amnesia {unknown}
Potions
 c - 2 potions of invisibility
 d - a potion of haste


   Skills:
 - Level 1.1 Short Blades
 + Level 3.2 Dodging
 * Level 5.5 Stealth
 + Level 3.1 Spellcasting
 + Level 4.0 Hexes


You had 2 spell levels left.
You knew the following spells:

 Your Spells              Type           Power      Damage    Failure   Level
a - Ensorcelled Hibernat  Hex/Ice        16%        N/A       12%         2
b - Magic Dart            Conj           8%         1d3       19%         1
c - Confusing Touch       Hex            15%        N/A       11%         3

Your spell library contained the following spells:

 Spells                   Type           Power      Damage    Failure   Level
 Searing Ray              Conj           4%         2d4       28%         2
 Tukima's Dance           Hex            15%        N/A       11%         3
 Dazzling Flash           Conj/Hex       16%        N/A       24%         3
 Fulminant Prism          Conj/Hex       4%         3d5       63%         4


Dungeon Overview and Level Annotations

Branches:
Dungeon (2/15)

Altars:
The Shining One


Innate Abilities, Weirdness & Mutations

You are very small and have problems with some larger weapons.
You are too small for most types of armour.
You have supernaturally acute eyesight. (SInv)
You cover ground extremely quickly. (Speed+++)


Message History

An endoplasm comes into view.
The adder closely misses you.
There is a stone staircase leading up here.
The adder barely misses you.
You climb upwards.
There is a stone staircase leading down here.
You are too injured to fight recklessly!
Casting: Ensorcelled Hibernation (safe; 12% risk of failure)
Confirm with . or Enter, or press ? or * to list all spells.
Aiming: Ensorcelled Hibernation (safe; 12% risk of failure)
Press: ? - help, Shift-Dir - straight line, f - adder
Aim: an adder (chance to affect: 50%)
You miscast Ensorcelled Hibernation.
You are very lightly contaminated with residual magic.
Nothing appears to happen.
The adder barely misses you. x2
You hit the adder but do no damage. The adder closely misses you.
You hit the adder.
The adder is lightly wounded.
The adder bites you.
You are lethally poisoned!
The adder poisons you!
You hit the adder.
The adder is moderately wounded.
* * * LOW HITPOINT WARNING * * *
You feel sick. The adder misses you.
You hit the adder but do no damage.
The adder is moderately wounded.
* * * LOW HITPOINT WARNING * * *
You feel sick. The adder misses you.
You closely miss the adder.
The adder is moderately wounded.
* * * LOW HITPOINT WARNING * * *
You feel sick. The adder barely misses you. x2
You hit the adder.
The adder is severely wounded.
* * * LOW HITPOINT WARNING * * *
You feel sick. The adder bites you.
* * * LOW HITPOINT WARNING * * *
It was a potion of haste.
You feel yourself speed up.
You die...

.............##...#
........#.#..##...#
..................#
....#.#....##.##..#
....#.#.#...#..#..#####
...##.#.#.............#
...##.#.#......########
...##.#.#.##....S#
...##.#.#.##....@#
....#.#.#.###..#.#
#'#.#.#.#.# #..#.#
#.#.#.#.#.# #..#.#
#.#.#....[###..#.###
#.#.#.....##.......#
#.#.#.#.#.##.###.#.######
#[....#.#.##.# #........#
###.#.#.#.##.# #......#.#


You could see an adder.

Vanquished Creatures
  6 ball pythons (D:1)
  4 endoplasms
  8 goblins (D:1)
  4 hobgoblins (D:1)
  4 quokkas (D:1)
  3 bats (D:1)
  A frilled lizard (D:1)
  A kobold (D:1)
  A rat (D:1)
32 creatures vanquished.

Notes
Turn   | Place    | Note
-------+----------+-------------------------------------------
     0 | D:1      | ChiefBigBeans the Spriggan Enchanter began the quest for
                  | the Orb.
     0 | D:1      | Reached XP level 1. HP: 9/9 MP: 5/5
   177 | D:1      | Reached XP level 2. HP: 13/13 MP: 6/6
   191 | D:1      | Learned a level 2 spell: Ensorcelled Hibernation
   193 | D:1      | Learned a level 1 spell: Magic Dart
   221 | D:1      | Reached skill level 5 in Stealth
   755 | D:1      | Reached XP level 3. HP: 16/16 MP: 8/8
  1195 | D:1      | Learned a level 3 spell: Confusing Touch
  1196 | D:2      | Found a glowing golden altar of the Shining One.
  1243 | D:1      | Succumbed to an adder's poison

Illustrated notes

Levels and vault maps discovered:
D:1:      wander_arrival_estate, layout_basic
D:2:      layout_rooms, basic_altar

Skill      XL: |  1  2  3 |
---------------+----------+-----
Dodging        | 3 |  3.2
Stealth        | 5 |  5.5
Spellcasting   | 3 |  3.1
Hexes          | 4 |  4.0
Short Blades   | |  1.1

Action                     || total
---------------------------++-------
  Melee: Dagger            ||   103
         Punch             ||     1
   Cast: Ensorcelled Hiber ||    15
    Use: Potion            ||     1
   Stab: Sleeping          ||    19
 Armour: Robe              ||     9
  Dodge: Dodged            ||    93
